 Dungeon Sprint DCSS version 0.30-a0-1103-g25895a7845 (webtiles) character file.

Game seed: 7955858822739625655

127 BigDaddyOpFi the Fighter (level 8, 0/71 HPs)
             Began as a Demonspawn Fighter on Apr 18, 2023.
             Was a Believer of Qazlal.
             Slain by the 26-headed Lernaean hydra (7 damage)
             ... in the Dungeon (Sprint VI: "Thunderdome").
             The game lasted 00:03:31 (588 turns).

BigDaddyOpFi the Fighter (Demonspawn Fighter)        Turns: 588, Time: 00:03:31

Health: 0/71       AC: 11    Str: 21    XL:     8   Next: 27%
Magic:  14/14      EV:  9    Int: 13    God:    Qazlal [**....]
Gold:   40         SH:  8    Dex: 11    Spells: 7/7 levels left

rFire   x . .      SeeInvis .    r - +0 broad axe (flame)
rCold   + + .      Faith    .    c - +0 buckler
rNeg    . . .      Spirit   .    b - +0 scale mail
rPois   .          Reflect  .    (no helmet)
rElec   +          Rampage  +    (no cloak)
rCorr   .          NoTele   +    (no gloves)
Will    +++..                    (no boots) Stlth
                                 q - amulet "Lurasun" {Acrobat Rampage Int+3 Slay-2}
HPRegen 0.31/turn                o - ring of Satyriasis {Ice Will+++ Str+2 Dex-5 Slay+5}
MPRegen 0.28/turn                p - ring "Itrun" {rElec rC+ Dex+4}

@: mighty
A: hooves 1, magic regeneration, sharp scales 3
a: Renounce Religion, Upheaval


You were in the Dungeon.
You worshipped Qazlal.
Qazlal was pleased with you.
You visited 1 branch You collected 390 gold pieces.
You spent 350 gold pieces at shops.

Inventory:

Hand Weapons
 r - a +0 broad axe of flaming (weapon)
Armour
 b - a +0 scale mail (worn)
 c - a +0 buckler (worn)
Jewellery
 o - the ring of Satyriasis (left hand) {Ice Will+++ Str+2 Dex-5 Slay+5}
   (You bought it in a shop in the Dungeon)

   [ring of ice]

   It enhances your ice magic.
   Str:       It affects your strength (+2).
   Dex:       It affects your dexterity (-5).
   Slay:      It affects your accuracy & damage with ranged weapons and melee
   (+5).
   rF:        It makes you vulnerable to fire.
   rC:        It protects you from cold.
   Will:      It greatly increases your willpower.
 p - the ring "Itrun" (right hand) {rElec rC+ Dex+4}
   (You bought it in a shop in the Dungeon)

   [ring of protection from cold]

   Dex:       It affects your dexterity (+4).
   rC:        It protects you from cold.
   rElec:     It insulates you from electricity.
 q - the amulet "Lurasun" (around neck) {Acrobat Rampage Int+3 Slay-2}
   (You bought it in a shop in the Dungeon)

   [amulet of the acrobat]

   It increases your evasion while moving and waiting.
   Int:       It affects your intelligence (+3).
   Slay:      It affects your accuracy & damage with ranged weapons and melee
   (-2).
   Rampage:   It bestows one free step when moving towards enemies.
Wands
 l - a wand of light (1) (quivered)
 m - a wand of iceblast (5)
Scrolls
 j - 3 scrolls of blinking
 n - 3 scrolls of fog
Potions
 e - a potion of curing
 f - 2 potions of heal wounds
 g - 4 potions of haste
 h - 2 potions of magic
 i - a potion of berserk rage
 k - a potion of resistance


   Skills:
 + Level 9.2 Fighting
 + Level 8.1 Axes
 + Level 8.4 Armour
 + Level 8.4 Shields
 * Level 8.7 Invocations


You had 7 spell levels left.
You didn't know any spells.
Your spell library was empty.

Dungeon Overview and Level Annotations

Branches:
Dungeon (1/1)

Altars:
Cheibriados
Dithmenos
Fedhas
Gozag
Kikubaaqudgha
Makhleb
Okawaru
Qazlal
Ru
Sif Muna
Trog
Uskayaw
Vehumet
Wu Jian
Xom
Yredelemnul
Lugonu

Shops:
D *[??*?*:[((!!!!

Annotations:
D Lernaean hydra


Innate Abilities, Weirdness & Mutations

You have large cloven feet.
You regenerate magic rapidly.
You are completely covered in razor-sharp scales. (AC +3, Slay +3)


Message History

Aim: the 27-headed Lernaean hydra (90% to hit)
The bolt of light hits the 27-headed Lernaean hydra!
The 27-headed Lernaean hydra is lightly wounded.
The 27-headed Lernaean hydra is blinded.
Aiming: Bolt of Light
Press: ? - help, Q - select action, (/) - cycle Shift-Dir - straight line, f/p - 27-headed Lernaean hydra
Aim: the 27-headed Lernaean hydra (lightly wounded, blind, 90% to hit)
The bolt of light misses the 27-headed Lernaean hydra.
The 27-headed Lernaean hydra is no longer blind.
Aiming: Bolt of Light
Press: ? - help, Q - select action, (/) - cycle Shift-Dir - straight line, f/p - 27-headed Lernaean hydra
Aim: the 27-headed Lernaean hydra (lightly wounded, 90% to hit)
The bolt of light hits the 27-headed Lernaean hydra!
The 27-headed Lernaean hydra is lightly wounded.
The 27-headed Lernaean hydra is blinded.
Aiming: Bolt of Light
Press: ? - help, Q - select action, (/) - cycle Shift-Dir - straight line, f/p - 27-headed Lernaean hydra
Aim: the 27-headed Lernaean hydra (lightly wounded, blind, 90% to hit)
The bolt of light hits the 27-headed Lernaean hydra!
The 27-headed Lernaean hydra is moderately wounded.
You hack one of the 27-headed Lernaean hydra's heads off!
The flame cauterises the wound!
You slash the 26-headed Lernaean hydra! You burn the 26-headed Lernaean hydra.
You kick the 26-headed Lernaean hydra!
The 26-headed Lernaean hydra is heavily wounded.
The 26-headed Lernaean hydra is no longer blind.
The 26-headed Lernaean hydra barely misses you.
The 26-headed Lernaean hydra bites you but does no damage.
The 26-headed Lernaean hydra completely misses you.
The 26-headed Lernaean hydra bites you.
The 26-headed Lernaean hydra bites you but does no damage.
The 26-headed Lernaean hydra closely misses you.
You block the 26-headed Lernaean hydra's attack.
The 26-headed Lernaean hydra bites you!
The 26-headed Lernaean hydra bites you. x2
* * * LOW HITPOINT WARNING * * *
The 26-headed Lernaean hydra bites you!
* * * LOW HITPOINT WARNING * * *
The 26-headed Lernaean hydra bites you.
* * * LOW HITPOINT WARNING * * *
The 26-headed Lernaean hydra bites you!
You die...

##∩.....∩## #∩.......∩#
#_......._# #_......._#
#_......._# ###.........###
#⌠...........⌠#
######.8D........8.#####
##.___..@...###......___∩
###∩).....§.8.# #.8........
##.............###..........
#⌠..........###...###.......
#[...[[.....# #.<.# #.......
#⌠[.[.......###...###.......
##.............###..........
###∩........8.# #.8........
##∩___†.....###......__.∩


You could see the 26-headed Lernaean hydra.

Vanquished Creatures
  Prince Ribbit (D)
  2 blink frogs (D)
  2 orc warriors (D)
  4 bullfrogs (D)
  Blork the orc (D)
  A crimson imp (D)
  3 iron imps (D)
  Jessica (D)
  An orc wizard (D)
  An adder (D)
  A white imp (D)
  An endoplasm (D)
  A quokka (D)
  A goblin (D)
21 creatures vanquished.

Notes
Turn   | Place    | Note
-------+----------+-------------------------------------------
     0 | D        | BigDaddyOpFi the Demonspawn Fighter began the quest for the
                  | Orb.
     0 | D        | Reached XP level 1. HP: 18/18 MP: 1/1
     3 | D        | Found a shadowy altar of Dithmenos.
     3 | D        | Found a burning altar of Makhleb.
     4 | D        | Found an iron altar of Okawaru.
     4 | D        | Found a bloodstained altar of Trog.
     5 | D        | Round 1.
     7 | D        | Found a snail-covered altar of Cheibriados.
     7 | D        | Found an opulent altar of Gozag.
     9 | D        | Found a shimmering blue altar of Sif Muna.
     9 | D        | Found an ancient bone altar of Kikubaaqudgha.
    10 | D        | Found a corrupted altar of Lugonu.
    10 | D        | Found a shimmering altar of Xom.
    11 | D        | Found a basalt altar of Yredelemnul.
    12 | D        | Found a stormy altar of Qazlal.
    12 | D        | Found Wuabliemyrr's Identification Station.
    13 | D        | Found Giw Xaso's Jewellery.
    13 | D        | Found Kiatel's Advanced Armour.
    21 | D        | Bought an ancient turquoise ring for 45 gold pieces
    21 | D        | Identified the ring of Satyriasis {Ice Will+++ Str+2 Dex-5
                  | Slay+5} (You bought it in a shop in the Dungeon)
    21 | D        | Bought a brightly glowing brass ring for 45 gold pieces
    21 | D        | Identified the ring "Itrun" {rElec rC+ Dex+4} (You bought
                  | it in a shop in the Dungeon)
    21 | D        | Bought a flickering golden amulet for 45 gold pieces
    21 | D        | Identified the amulet "Lurasun" {Acrobat Rampage Int+3
                  | Slay-2} (You bought it in a shop in the Dungeon)
    36 | D        | Found a radiant altar of Vehumet.
    37 | D        | Found a hide-covered altar of Uskayaw.
    37 | D        | Found Lalexin's Premium Goods.
    37 | D        | Found Keceeli's Weapon Rack.
    38 | D        | Found Wicviru's Miscellaneous Merchandise.
    38 | D        | Found Wakhuino's Basic Armour.
    43 | D        | Found a sacrificial altar of Ru.
    44 | D        | Found an ornate altar of the Wu Jian Council.
    46 | D        | Found Kox Lount's Do-It-Yourself Clinic.
    47 | D        | Found Huoloed's Bottled Wisdom.
    47 | D        | Found Vaytuat's Distillery.
    47 | D        | Found Mitump's Distillery.
    53 | D        | Found a blossoming altar of Fedhas.
    54 | D        | Found Bimuuwut's Staff Store.
    54 | D        | Found Dibiyzas's Magic Scroll Shop.
    55 | D        | Found Larusk's Must-Have Magic.
    55 | D        | Found Toffo's Magic Scroll Shop.
   107 | D        | Noticed Jessica
   114 | D        | Killed Jessica
   115 | D        | Reached skill level 4 in Fighting
   115 | D        | Gained mutation: You have large cloven feet. [demonic
                  | ancestry]
   115 | D        | Reached XP level 2. HP: 20/25 MP: 2/2
   134 | D        | Gained mutation: You are partially covered in razor-sharp
                  | scales. (AC +1, Slay +1) [demonic ancestry]
   134 | D        | Reached XP level 3. HP: 30/30 MP: 3/3
   156 | D        | Arena points: 12 (+12) [x2]
   209 | D        | Round 2.
   238 | D        | Reached XP level 4. HP: 38/38 MP: 4/4
   241 | D        | Reached skill level 5 in Fighting
   279 | D        | Reached skill level 5 in Armour
   279 | D        | Reached skill level 5 in Shields
   300 | D        | Reached skill level 5 in Axes
   300 | D        | Reached XP level 5. HP: 37/46 MP: 5/5
   332 | D        | Arena points: 48 (+36) [x3]
   333 | D        | Reached skill level 6 in Fighting
   344 | D        | Bought a +0 broad axe for 120 gold pieces
   360 | D        | Round 3.
   361 | D        | Noticed an orc warrior
   374 | D        | Killed an orc warrior
   383 | D        | Noticed Blork the orc
   387 | D        | Killed Blork the orc
   388 | D        | Reached skill level 7 in Fighting
   388 | D        | Gained mutation: You are mostly covered in razor-sharp
                  | scales. (AC +2, Slay +2) [demonic ancestry]
   388 | D        | Reached XP level 6. HP: 29/55 MP: 6/6
   478 | D        | Noticed an orc warrior
   483 | D        | Killed an orc warrior
   493 | D        | Noticed an orc knight
   497 | D        | Arena points: 63 (+15) [x1]
   511 | D        | Round 4.
   519 | D        | Became a worshipper of Qazlal Stormbringer
   525 | D        | Reached skill level 8 in Fighting
   531 | D        | Noticed Prince Ribbit
   534 | D        | Gained mutation: You are completely covered in razor-sharp
                  | scales. (AC +3, Slay +3) [demonic ancestry]
   534 | D        | Reached XP level 7. HP: 61/62 MP: 7/9
   537 | D        | Noticed a blink frog
   538 | D        | Noticed a blink frog
   540 | D        | Killed Prince Ribbit
   540 | D        | Reached * piety under Qazlal
   544 | D        | Killed a blink frog
   545 | D        | Gained mutation: You regenerate magic rapidly. [demonic
                  | ancestry]
   545 | D        | Reached XP level 8. HP: 51/70 MP: 8/13
   546 | D        | Reached ** piety under Qazlal
   560 | D        | Killed a blink frog
   560 | D        | Arena points: 127 (+64) [x2]
   561 | D        | Reached skill level 9 in Fighting
   577 | D        | Round 5.
   580 | D        | Noticed the 27-headed Lernaean hydra
   582 | D        | Bought a scroll of brand weapon for 95 gold pieces
   588 | D        | Slain by the 26-headed Lernaean hydra

Illustrated notes

Levels and vault maps discovered:
D:        arena_sprint

Skill      XL: |  1  2  3  4  5  6  7  8 |
---------------+-------------------------+-----
Axes           | 3 5 6 7 8 |  8.1
Fighting       | 4 5 7 8 9 |  9.2
Armour         | 3 4 5 6 7 8 |  8.4
Shields        | 3 4 5 6 7 8 |  8.4
Invocations    | 3 7 8 |  8.7

Action                     |  1- 3 |  4- 6 |  7- 9 || total
---------------------------+-------+-------+-------++-------
  Melee: War axe           |    19 |    12 |       ||    31
         Kick              |     2 |    15 |     3 ||    20
         Broad axe         |       |    22 |    14 ||    36
  Evoke: Wand              |       |       |     4 ||     4
    Use: Potion            |       |     1 |     2 ||     3
         Scroll            |       |       |     2 ||     2
 Armour: Scale mail        |     7 |     6 |     7 ||    20
  Dodge: Dodged            |     7 |    14 |    11 ||    32
  Block: Buckler           |     4 |     9 |     8 ||    21

Table legend: (Time is in decaauts)
 A = Elapsed time spent in this place.
 B = Non-inter-level travel time spent in this place.
 C = Inter-level travel time spent in this place.
 D = Time resting spent in this place.
 E = Time spent auto-exploring this place.
 F = Levels seen in this place.
 G = Mean time per level.
                   A        B        C        D        E       F      G
               +--------+--------+--------+--------+--------+-----+--------+
         Total |    607 |    607 |      0 |     97 |     22 |   1 |  607.0 |
       Dungeon |    607 |    607 |      0 |     97 |     22 |   1 |  607.0 |
               +--------+--------+--------+--------+--------+-----+--------+

Top non-repeatable levels by time:
       D: 607 daAuts
